 Dungeon Crawl Stone Soup version 0.28-b1-25-g9875b3fc8c (webtiles) character file.

Game seed: 2006966861065859585

7 Lathuz the Shield-Bearer (level 2, 19/19 HPs)
             Began as a Gargoyle Fighter on Feb 3, 2022.
             Was a Follower of Yredelemnul.
             Quit the game on level 1 of the Dungeon.
             The game lasted 00:01:29 (144 turns).

Lathuz the Shield-Bearer (Gargoyle Fighter)          Turns: 144, Time: 00:01:30

Health: 19/19      AC:  9    Str: 19    XL:     2   Next: 4%
Magic:  2/2        EV:  9    Int:  8    God:    Yredelemnul [*.....]
Gold:   0          SH:  4    Dex:  9    Spells: 1/1 levels left

rFire   . . .      SeeInvis .   a - +0 flail
rCold   . . .      Faith    .   c - +0 buckler
rNeg    + . .      Spirit   .   b - +0 scale mail
rPois   ∞          Reflect  .   (no helmet)
rElec   +          Harm     .   (no cloak)
rCorr   .          Rampage  .   (no gloves)
Will    .....                   (no boots)
Stlth   ..........              (no amulet)
HPRegen 0.06/turn               (no ring)
MPRegen 0.08/turn               (no ring)

@: no status effects
A: sickness immunity, AC +2, negative energy resistance 1, electricity
resistance, torment resistance 1, petrification resistance
a: Renounce Religion, Recall Undead Harvest


You were on level 1 of the Dungeon.
You worshipped Yredelemnul.
Yredelemnul was noncommittal.
You visited 1 branch of the dungeon, and saw 1 of its levels.

Inventory:

Hand Weapons
 a - a +0 flail (weapon)
Armour
 b - a +0 scale mail (worn)
 c - a +0 buckler (worn)
Potions
 M - a potion of might


   Skills:
 + Level 3.4 Fighting
 * Level 2.3 Maces & Flails
 + Level 3.4 Armour
 + Level 3.4 Shields


You had one spell level left.
You didn't know any spells.
Your spell library was empty.

Dungeon Overview and Level Annotations

Branches:
Dungeon (1/15)

Altars:
Yredelemnul


Innate Abilities, Weirdness & Mutations

You are immune to sickness and miasma.
Your stone body is resilient. (AC +2)
You are immune to poison.
You resist negative energy. (rN+)
You are resistant to electric shocks. (rElec)
You are resistant to unholy torment.
You are immune to petrification.


Message History

You kill the rat! a rat corpse; a bat corpse You start resting.
A kobold comes into view. It is wielding a +0 short sword.
The kobold shouts!
You sock the kobold!
You kill the kobold!
No target in view!
No target in view!
You start resting.
An endoplasm comes into view.
The endoplasm quivers. a +0 short sword; a kobold corpse; a ball python corpse You hit the endoplasm.
You kill the endoplasm!
No target in view!
No target in view!
You start resting.
HP restored.
Press: ? - help, v - describe, . - travel A granite statue.
Found a faded altar of an unknown god.
There is an empty arch of ancient stone here.
An endoplasm comes into view.
The endoplasm quivers.
You can't go down here!
The endoplasm jiggles.
You thump the endoplasm!
You kill the endoplasm!
You have reached level 2!
Unknown command.
You can't go down here!
Press: ? - help, v - describe, . - travel A granite statue.
There is a faded altar of an unknown god here.
You cannot tell which god this altar belongs to.
Convert to them anyway?
Yredelemnul accepts your prayer! Yredelemnul welcomes you!
You can now reap souls.
You can now recall your undead harvest.
Are you sure you want to abandon this character and quit the game? (Confirm with "yes".)

##.⌠.♣.⌠.♣ ########
#####.........
###......###...∩.≈≈≈≈≈≈≈≈
#.......††...###.........
#.......)##### ##.⌠.♣.⌠.♣
#+ #........# #........
..(#......### #########
...+......#######
..∩..8..∩.Z@.Z..##
##...........Z.....
.............Z.....
##♣..♣..∩..♣.......
#...............###
#...............#
#.♣..∩..8..∩....#
#...............#
................#


You could see a friendly bat zombie, a friendly ball python zombie, a friendly
adder zombie and a friendly quokka zombie.

Vanquished Creatures
  2 endoplasms (D:1)
  A hobgoblin (D:1)
  A kobold (D:1)
  A ball python (D:1)
  A bat (D:1)
  A rat (D:1)
7 creatures vanquished.

Notes
Turn   | Place    | Note
-------+----------+-------------------------------------------
     0 | D:1      | Lathuz the Gargoyle Fighter began the quest for the Orb.
     0 | D:1      | Reached XP level 1. HP: 14/14 MP: 1/1
   120 | D:1      | Found a faded altar of an unknown god.
   131 | D:1      | Reached XP level 2. HP: 19/19 MP: 2/2
   143 | D:1      | Prayed at the altar of an unknown god.
   143 | D:1      | Became a worshipper of Yredelemnul the Dark
   143 | D:1      | Reached * piety under Yredelemnul
   144 | D:1      | Quit the game

Illustrated notes

Levels and vault maps discovered:
D:1:      mainiacjoe_arrival_reflecting_pool, layout_basic,
          hellmonk_ecumenical_altar_arch_garden

Action                   || total
-------------------------++-------
Melee: Flail             ||    21
Armor: Scale mail        ||    24
Dodge: Dodged            ||    11
Block: Buckler           ||     7
